 Dungeon Crawl Stone Soup version 0.30-a0-373-gd37427bb62 (webtiles) character file.

Game seed: 15161347053235584581

1578 Maxmaps the Protected (level 9, -3/62 (64) HPs)
             Began as a Formicid Fighter on Nov 24, 2022.
             Slain by a necrophage (7 damage)
             ... on level 6 of the Dungeon.
             The game lasted 00:05:51 (5439 turns).

Maxmaps the Protected (Formicid Fighter)            Turns: 5439, Time: 00:05:52

HP:   -3/62 (64)    AC:  0    Str: 30    XL:     9   Next: 14%
MP:   9/9           EV: 14    Int: 13    God:
Gold: 262           SH:  5    Dex: 13    Spells: 8/8 levels left

rFire   . . .      SeeInvis +    a - +0 long sword
rCold   . . .      Faith    .    c - +0 buckler
rNeg    + . .      Spirit   .    w - +5 chain mail of Ehysifin {rElec rN+ Int+4}
rPois   .          Reflect  .    (helmet unavailable)
rElec   +          Harm     .    (no cloak)
rCorr   .          Rampage  .    (no gloves)
Will    .....                    (no boots)
Stlth   ..........               (no amulet)
HPRegen 0.30/turn                h - +6 ring of strength
MPRegen 0.11/turn                n - +4 ring of evasion

@: mighty, corroded, lightly drained
A: permanent stasis, dig shafts and tunnels, antennae 3, four strong arms
a: Dig, Shaft Self


You were on level 6 of the Dungeon.
You visited 1 branch of the dungeon, and saw 6 of its levels.

You collected 262 gold pieces.

Inventory:

Hand Weapons
 a - a +0 long sword (weapon)
Armour
 c - a +0 buckler (worn)
 w - the +5 chain mail of Ehysifin (worn) {rElec rN+ Int+4}
   (You found it on level 4 of the Dungeon)

   Int:       It affects your intelligence (+4).
   rElec:     It insulates you from electricity.
   rN:        It protects you from negative energy.
Jewellery
 h - a +6 ring of strength (left hand)
 n - a +4 ring of evasion (right hand)
Wands
 g - a wand of digging (8)
 u - a wand of flame (13)
 x - a wand of iceblast (3)
Scrolls
 e - a scroll of enchant weapon {unknown}
 f - a scroll of fear {unknown}
 j - 3 scrolls of magic mapping {unknown}
 k - 2 scrolls of teleportation {unknown}
 o - 5 scrolls of identify {unknown}
 r - a scroll of enchant armour {unknown}
 t - 3 scrolls of fog {unknown}
 v - a scroll of immolation {unknown}
 y - a scroll of amnesia {unknown}
Potions
 b - a potion of lignification {unknown}
 i - a potion of ambrosia {unknown}
 l - a potion of resistance {unknown}
 m - 5 potions of degeneration {unknown}
 p - 3 potions of curing {unknown}
 q - 3 potions of invisibility {unknown}
 s - 2 potions of cancellation {unknown}
 z - a potion of brilliance {unknown}
 A - a potion of heal wounds {unknown}
 B - a potion of mutation {unknown}


   Skills:
 - Level 3.2 Fighting
 - Level 6.3 Long Blades
 + Level 8.8 Armour
 - Level 4.5 Dodging
 - Level 4.0 Shields


You had 8 spell levels left.
You didn't know any spells.
Your spell library contained the following spells:

 Spells                   Type           Power      Damage    Failure   Level
 Kiss of Death            Conj/Necr      0%         2d5       83%         1
 Magic Dart               Conj           0%         1d3       83%         1
 Sting                    Tmut/Pois      0%         1d3       83%         1
 Summon Small Mammal      Summ           0%         N/A       83%         1
 Cigotuvi's Dreadful Rot  Necr/Pois/Air  0%         N/A       93%         2
 Poisonous Vapours        Pois/Air       0%         N/A       93%         2
 Searing Ray              Conj           0%         2d4       93%         2
 Call Canine Familiar     Summ           0%         N/A       99%         3
 Confusing Touch          Hex            0%         N/A       99%         3
 Summon Guardian Golem    Hex/Summ       0%         N/A       99%         3
 Airstrike                Air            0%         2d(0-16)  100%        4
 Dispel Undead            Necr           0%         3d6       100%        4
 Fulminant Prism          Conj/Hex       0%         3d5       100%        4
 Olgreb's Toxic Radiance  Pois           0%         N/A       100%        4
 Summon Lightning Spire   Summ/Air       0%         N/A       100%        4
 Lightning Bolt           Conj/Air       0%         1d11      100%        5
 Death Channel            Necr           0%         N/A       100%        6


Dungeon Overview and Level Annotations

Branches:
Dungeon (6/15)             Temple (0/1) D:6

Altars:
Cheibriados
Dithmenos
Hepliaklqana
Kikubaaqudgha
Sif Muna
Uskayaw
Wu Jian

Shops:
D:4 [


Innate Abilities, Weirdness & Mutations

You cannot be hasted, slowed, berserked, paralysed or teleported.
You can dig through walls and to a lower floor.
You have a pair of large antennae on your head. (SInv)
Your four strong arms can wield two-handed weapons with a shield.


Message History

The necrophage hits you!
* * * LOW HITPOINT WARNING * * *
You barely miss the necrophage.
The necrophage is lightly damaged.
The necrophage barely misses you.
You barely miss the necrophage.
The necrophage is lightly damaged.
The necrophage hits you.
* * * LOW HITPOINT WARNING * * *
You partially resist.
You feel drained.
* * * LOW HITPOINT WARNING * * *
You hit the necrophage.
The necrophage is moderately damaged.
The necrophage closely misses you.
You barely miss the necrophage.
The necrophage is moderately damaged.
The necrophage misses you. You block the necrophage's attack.
The necrophage attacks as you move away!
The necrophage hits you!
* * * LOW HITPOINT WARNING * * *
There is a staircase to the Ecumenical Temple here.
You feel very mighty all of a sudden. The necrophage completely misses you.
You closely miss the necrophage.
The necrophage is moderately damaged.
The necrophage hits you.
* * * LOW HITPOINT WARNING * * *
You barely miss the necrophage.
The necrophage is moderately damaged.
The necrophage completely misses you.
You hit the necrophage.
The necrophage is heavily damaged.
You block the necrophage's attack.
You hit the necrophage but do no damage.
The necrophage is heavily damaged.
The necrophage closely misses you.
You slash the necrophage!
The necrophage is almost destroyed.
The necrophage hits you!
You die...

.> ######...###.### #..
................
###.#######...###.###.#
.#.....................#
...#.#.#.#.#..####......
#.........†.#.# ######
.#.#.......#.##.#
.............# .#
.#...@n..#....#
#...........#..#
#..#.......#.#..#
.............# .#
...#.#.#.#.#.#
.#...........#
######.#.#..# . ###.#


You could see a necrophage.

Vanquished Creatures
  A water moccasin (D:6)
  2 black bears
  An orc warrior (D:6)
  A centaur (D:5)
  An ogre (D:4)
  A bullfrog (D:3)
  5 scorpions
  A howler monkey (D:6)
  3 jellies
  4 orc priests
  3 iguanas
  5 orc wizards
  Ijyb (D:5)
  4 gnolls
  7 adders
  2 white imps (D:5)
  14 orcs
  7 endoplasms
  4 giant cockroaches
  9 goblins
  6 hobgoblins
  3 kobolds
  A quokka (D:3)
  6 ball pythons
  15 bats
  5 frilled lizards
  3 rats
115 creatures vanquished.

Notes
Turn   | Place    | Note
-------+----------+-------------------------------------------
     0 | D:1      | Maxmaps the Formicid Fighter began the quest for the Orb.
     0 | D:1      | Reached XP level 1. HP: 18/18 MP: 1/1
    23 | D:1      | Reached XP level 2. HP: 22/24 MP: 2/2
   203 | D:1      | Reached XP level 3. HP: 29/29 MP: 3/3
  1317 | D:3      | Reached XP level 4. HP: 31/35 MP: 4/4
  1378 | D:3      | Noticed a bullfrog
  1390 | D:3      | Killed a bullfrog
  1391 | D:3      | Reached skill level 5 in Long Blades
  1391 | D:3      | Reached XP level 5. HP: 9/41 MP: 5/5
  2161 | D:3      | Found a shimmering blue altar of Sif Muna.
  2175 | D:3      | Reached XP level 6. HP: 47/47 MP: 6/6
  2402 | D:3      | Found a faded altar of an unknown god.
  2608 | D:4      | Identified the +5 chain mail of Ehysifin {rElec rN+ Int+4}
  2713 | D:4      | Found Nuitzumei's Antique Armour Shoppe.
  2803 | D:4      | Reached skill level 1 in Dodging
  3008 | D:4      | Noticed a black bear
  3014 | D:4      | Killed a black bear
  3015 | D:4      | Reached XP level 7. HP: 48/52 MP: 7/7
  3677 | D:5      | Entered Level 5 of the Dungeon
  3677 | D:5      | Noticed Ijyb
  3691 | D:5      | Killed Ijyb
  3913 | D:5      | Found an ornate altar of the Wu Jian Council.
  3920 | D:5      | Reached skill level 4 in Armour
  3920 | D:5      | Reached XP level 8. HP: 54/58 MP: 8/8
  4022 | D:5      | Reached skill level 5 in Armour
  4031 | D:5      | Found a hide-covered altar of Uskayaw.
  4032 | D:5      | Found an ancient bone altar of Kikubaaqudgha.
  4034 | D:5      | Found a hazy altar of Hepliaklqana.
  4036 | D:5      | Found a snail-covered altar of Cheibriados.
  4038 | D:5      | Found a shadowy altar of Dithmenos.
  4259 | D:5      | Reached skill level 6 in Armour
  4966 | D:6      | Reached skill level 7 in Armour
  5223 | D:6      | Reached skill level 8 in Armour
  5223 | D:6      | Reached XP level 9. HP: 36/64 MP: 9/9
  5380 | D:6      | Found a staircase to the Ecumenical Temple.
  5435 | D:6      | HP: 2/62 [necrophage (3)]
  5439 | D:6      | Slain by a necrophage

Illustrated notes

Levels and vault maps discovered:
D:1:      dpeg_arrival_short_road, layout_rooms, kennysheep_decorative_pillar
D:2:      layout_loops_ring
D:3:      layout_loops_cross, kennysheep_orc_sif_temple,
          ebering_ecumenical_altar_box, minmay_circle_x
D:4:      layout_basic, serial_shops, nicolae_shop_hallway_stairs,
          minmay_pentangle
D:5:      layout_gridville, grunt_temple_overflow_open, old_standard_altar,
          grunt_ministairs_3, kennysheep_minor_cross, minivault_25,
          mrwooster_statue_mirror, uniq_ijyb
D:6:      layout_loops_ring, grunt_temple_overflow_order_and_chaos_1,
          lemuel_doored_altar, minmay_temple_entry_glass, dk_vineyard_3,
          corexii_leaking_fountain, kennysheep_diamond

Skill      XL: |  1  2  3  4  5  6  7  8 |
---------------+-------------------------+-----
Long Blades    | 3 4 5 6 |  6.3
Dodging        | 2 4 |  4.5
Armour         | 4 8 |  8.8
Fighting       | |  3.2
Shields        | |  4.0

Action                   |  1- 3 |  4- 6 |  7- 9 || total
-------------------------+-------+-------+-------++-------
Melee: Long sword        |   114 |   183 |   334 ||   631
 Abil: Dig               |       |       |     1 ||     1
  Use: Potion            |       |       |     1 ||     1
Armor: Scale mail        |    83 |    15 |       ||    98
       Chain mail        |       |    72 |   121 ||   193
Dodge: Dodged            |    76 |   117 |   214 ||   407
Block: Buckler           |    39 |    46 |    84 ||   169

Table legend: (Time is in decaauts)
 A = Elapsed time spent in this place.
 B = Non-inter-level travel time spent in this place.
 C = Inter-level travel time spent in this place.
 D = Time resting spent in this place.
 E = Time spent auto-exploring this place.
 F = Levels seen in this place.
 G = Mean time per level.
                   A        B        C        D        E       F      G
               +--------+--------+--------+--------+--------+-----+--------+
         Total |   5538 |   5381 |    157 |    989 |   3202 |   6 |  923.0 |
       Dungeon |   5538 |   5381 |    157 |    989 |   3202 |   6 |  923.0 |
               +--------+--------+--------+--------+--------+-----+--------+

Top non-repeatable levels by time:
     D:5: 1234 daAuts
     D:3: 1233 daAuts
     D:4: 1099 daAuts
     D:2: 854 daAuts
     D:1: 558 daAuts
     D:6: 558 daAuts
